 Dungeon Crawl Stone Soup version 0.29.0-4-gdea44cf6ec (webtiles) character file.

Game seed: 3539093492786244702

49 qw the Chopper (level 3, 0/21 HPs)
             Began as a Tengu Warper on Aug 28, 2022.
             Slain by a goblin
             ... wielding a +0 club
             ... led by Robin
              (5 damage)
             ... on level 2 of the Dungeon.
             The game lasted 00:00:06 (1057 turns).

qw the Chopper (Tengu Warper)                       Turns: 1057, Time: 00:00:07

Health: 0/21       AC:  3    Str: 13    XL:     3   Next: 75%
Magic:  7/7        EV: 12    Int: 13    God:
Gold:   35         SH:  0    Dex: 13    Spells: 6/6 levels left

rFire   . . .      SeeInvis .   Y - +0 hand axe
rCold   . . .      Faith    .   (no shield)
rNeg    . . .      Spirit   .   b - +0 leather armour
rPois   .          Reflect  .   (helmet restricted)
rElec   .          Harm     .   (no cloak)
rCorr   .          Rampage  .   (no gloves)
Will    .....                   (boots unavailable)
Stlth   +.........              (no amulet)
HPRegen 0.07/turn               (no ring)
MPRegen 0.10/turn               (no ring)

@: flying (expiring)
A: beak, talons 3
a: no special abilities


You were on level 2 of the Dungeon.
You visited 1 branch of the dungeon, and saw 2 of its levels.

You collected 35 gold pieces.


Innate Abilities, Weirdness & Mutations

You have a beak for a mouth.
You have claws for feet.


   Skills:
 - Level 2.0 Fighting
 + Level 4.4 Axes
 - Level 1.0 Throwing
 - Level 1.1 Armour
 - Level 2.1 Dodging
 - Level 2.0 Spellcasting
 - Level 2.4 Translocations


You had 6 spell levels left.
You didn't know any spells.
Your spell library contained the following spells:

 Spells                   Type           Power      Damage    Failure   Level
 Blink                    Tloc           14%        N/A       19%         2
 Gell's Gravitas          Tloc           7%         N/A       36%         3
 Lesser Beckoning         Tloc           7%         N/A       36%         3
 Teleport Other           Tloc           7%         N/A       36%         3
 Manifold Assault         Tloc           7%         N/A       98%         5

Inventory:

Hand Weapons
 e - a +0 club
 Y - a +0 hand axe (weapon)
Missiles
 h - 2 boomerangs (quivered)
Armour
 b - a +0 leather armour (worn)
Potions
 d - a potion of attraction {unknown}

Dungeon Overview and Level Annotations

Branches:
Dungeon (2/15)

Altars:

Annotations:
D:2 Robin


Message History

The hobgoblin is moderately wounded.
The goblin no longer looks unusually strong. x2
The hobgoblin closely misses you.
You barely miss the hobgoblin. Your kick misses the hobgoblin.
You peck the hobgoblin.
You kill the hobgoblin!
You are starting to lose your buoyancy.
Robin roars a battlecry!
The goblins go into a battle-frenzy!
You hear a shout!
You closely miss the hobgoblin. You claw the hobgoblin.
The hobgoblin is severely wounded.
The hobgoblin barely misses you.
You hit the hobgoblin.
You kill the hobgoblin!
The goblin unwields a +0 club.
The goblin wields a +0 sling.
The goblin shoots a sling bullet.
The sling bullet hits you but does no damage.
The goblin unwields a +0 club.
The goblin wields a +0 sling.
The goblin shoots a sling bullet.
The sling bullet hits you.
You hear an angry hiss.
You closely miss the goblin. Your kick misses the goblin.
The goblin misses you.
You closely miss the goblin. Your kick misses the goblin. You peck the goblin.
You kill the goblin!
Robin's bangles clink loudly.
An adder comes into view.
You hit the hobgoblin.
You kill the hobgoblin!
Robin throws the goblin at you!
The goblin unwields a +0 sling.
The goblin wields a +0 club.
The goblin hits you with a +0 club.
The goblin shoots a sling bullet.
The sling bullet hits you but does no damage.
You hit the goblin. You peck the goblin.
You kill the goblin!
Robin throws the goblin at you!
A goblin comes into view. It is wielding a +0 club.
The goblin unwields a +0 sling.
The goblin wields a +0 club.
The goblin hits you with a +0 club.
You die...

# #. ##.. ....$
###..g##########
.....gS@g.......
####..##########
#. #


You could see Robin, an adder and 2 goblins.

Vanquished Creatures
  A dart slug (D:1)
  An endoplasm (D:1)
  A giant cockroach (D:1)
  7 hobgoblins
  8 jackals (D:1)
  5 quokkas (D:1)
  4 ball pythons (D:1)
  A frilled lizard (D:1)
  8 goblins
  2 kobolds (D:1)
  3 rats (D:1)
41 creatures vanquished.

Notes
Turn   | Place    | Note
-------+----------+-------------------------------------------
     0 | D:1      | qw the Tengu Warper began the quest for the Orb.
     0 | D:1      | Reached XP level 1. HP: 12/12 MP: 4/4
     0 | D:1      | 0 ||| qw: Version: 0.1-a-89-g26bdef1
     0 | D:1      | 0 ||| qw: Game counter: 2527
     0 | D:1      | 0 ||| qw: Always use a shield: true
     0 | D:1      | 0 ||| qw: God list: Okawaru
     0 | D:1      | 0 ||| qw: Allow faded altars: false
     0 | D:1      | 0 ||| qw: Do Orc after D:15 true
     0 | D:1      | 0 ||| qw: Do second Lair branch before Depths: true
     0 | D:1      | 0 ||| qw: Lair rune preference: random
     0 | D:1      | 0 ||| qw: Plans: Normal
     0 | D:1      | 0 ||| PLANNING D:1-11
    52 | D:1      | 52 ||| Stepping ~*~*~tactically~*~*~ (stealth).
    54 | D:1      | 54 ||| Stepping ~*~*~tactically~*~*~ (stealth).
    56 | D:1      | 56 ||| Stepping ~*~*~tactically~*~*~ (stealth).
    58 | D:1      | 58 ||| Stepping ~*~*~tactically~*~*~ (stealth).
    73 | D:1      | 73 ||| Stepping ~*~*~tactically~*~*~ (stealth).
   112 | D:1      | Reached XP level 2. HP: 12/17 MP: 6/6
   125 | D:1      | Reached skill level 3 in Axes
   133 | D:1      | 133 ||| Stepping ~*~*~tactically~*~*~ (hiding).
   549 | D:1      | 549 ||| Stepping ~*~*~tactically~*~*~ (stealth).
   559 | D:1      | Reached XP level 3. HP: 19/21 MP: 7/7
   782 | D:1      | Reached skill level 4 in Axes
  1007 | D:1      | 1007 ||| READING scroll labelled ASYDWE DEYTOCS.
  1008 | D:1      | 1008 ||| DRINKING 2 brown potions.
  1009 | D:1      | 1009 ||| DROPPING scroll of blinking.
  1010 | D:1      | 1010 ||| DROPPING potion of flight.
  1038 | D:2      | Noticed Robin
  1056 | D:2      | HP: 5/21 [goblin/+0 club[Robin] (2)]
  1057 | D:2      | Slain by a goblin

Levels and vault maps discovered:
D:1:      roderic_dead_forest, layout_basic, st_stairs_9, minmay_close_crescents
D:2:      layout_basic, chequers_ecumenical_altar_simple_redux,
          minmay_misc_feat_chi, minmay_quadrilaterals, uniq_robin, uniq_sigmund

Skill      XL: |  1  2  3 |
---------------+----------+-----
Axes           | 3 4 |  4.4
Fighting       | |  2.0
Throwing       | |  1.0
Armour         | |  1.1
Dodging        | |  2.1
Spellcasting   | |  2.0
Translocations | |  2.4

Action                   || total
-------------------------++-------
Melee: Hand axe          ||    82
       Peck              ||    14
       Kick              ||    18
       Punch             ||     1
Throw: Boomerang         ||     7
  Use: Scroll            ||     1
       Potion            ||     1
Armor: Leather armour    ||    17
Dodge: Dodged            ||    48

Table legend:
 A = Non-vault XP
 B = Vault XP
 C = Vault XP percentage of total XP
 D = Non-vault monster count
 E = Vault monster count
 F = Vault count percentage of total count
                 A         B        C        D         E       F
            +---------+---------+-------+---------+---------+-------
      Total |      47 |      25 |  34.7 |      26 |      15 |  36.6
            +---------+---------+-------+---------+---------+-------
        D:1 |      45 |       7 |  13.5 |      25 |       5 |  16.7
        D:2 |       2 |      18 |  90.0 |       1 |      10 |  90.9
            +---------+---------+-------+---------+---------+-------
